Map: Terraform LE (Void)

Players

SticklerMac

  • Race: Terran Terran
  • League: Bronze

sputtrik - Winner!

  • Race: Terran Terran
  • League: Grandmaster

VOD

Have the link to the VOD?

Description

Time

  • Played on: July 29, 2015, 10:15 a.m.
  • Length: 8:42
Show
View Real Time Build Order
Export as new Build Order

SticklerMac Terran 

Build Orders:  

Get SALT Encoding   

  12  0:00  SCV  
  13  0:14  SCV  
  14  0:20  Supply Depot  
  14  0:30  SCV  
  15  0:42  SCV  
  16  0:44  Barracks  
  16  0:48  Refinery  
  16  0:54  SCV  
  17  1:10  Barracks  
  17  1:14  SCV  
  18  1:27  SCV  
  19  1:35  Barracks  
  19  1:36  Bunker  
  19  1:39  SCV  
  20  1:46  Marine  
  21  1:57  SCV  
  22  2:03  Marine  
  22  2:04  Factory  
  23  2:18  Supply Depot  
  23  2:25  Marine  
  23  2:31  Barracks Tech Lab  
  23  2:35  Barracks Reactor  
  23  2:42  Marine  
  24  2:44  Supply Depot  
  24  3:10  Starport  
  24  3:17  Command Center  
  24  3:20  Marauder  
  24  3:21  Marine x2  
  24  3:22  Marine  
  29  3:30  Refinery  
  29  3:39  Marine x2  
  29  3:40  Marine  
  32  3:46  Marauder  
  34  3:49  SCV  
  35  4:00  Marine x3  
  38  4:18  Marine  
  39  4:28  Medivac, Marine x2  
  39  4:29  Marauder  
  45  4:32  Supply Depot  
  45  4:43  Orbital Command  
  45  4:45  SCV  
  46  4:56  Supply Depot  
  46  5:01  Medivac  
  46  5:06  Marauder  
  50  5:20  Marine x3  
  53  5:27  Marauder  
  55  5:47  Marine x2  
  55  5:48  Engineering Bay, Marine  
  55  5:49  Engineering Bay, Marauder  
  60  6:07  Marine x2  
  60  6:08  Marine  
  45  6:26  Orbital Command  
  44  7:04  Marine  
  44  7:05  Marine x2  
  47  7:27  SCV x2  
  49  7:36  Marine  
  49  7:37  Marine  
  51  8:01  Marine x4  
  47  8:19  Marine  
Show
View Real Time Build Order
Export as new Build Order

sputtrik Terran - Winner!

Build Orders: Liberator Opening 

Get SALT Encoding   

  12  0:02  SCV  
  13  0:17  Supply Depot  
  13  0:18  SCV  
  14  0:30  SCV  
  15  0:36  Refinery  
  15  0:45  Barracks  
  15  0:46  SCV  
  16  0:58  SCV  
  17  1:10  Refinery  
  17  1:11  SCV  
  18  1:23  SCV  
  19  1:35  Orbital Command  
  19  1:39  Barracks  
  19  1:45  Factory  
  19  1:50  Marine  
  20  2:01  SCV  
  21  2:12  Marine  
  21  2:14  SCV  
  23  2:31  Barracks Tech Lab  
  23  2:36  Supply Depot  
  23  2:46  Starport  
  23  2:49  Barracks Reactor  
  23  2:58  SCV, Marauder  
  26  3:02  Command Center  
  26  3:03  Supply Depot  
  26  3:04  Factory Tech Lab  
  26  3:10  SCV  
  27  3:14  Armory  
  27  3:21  Marine  
  28  3:30  Liberator  
  28  3:34  SCV  
  32  3:48  SCV  
  32  3:54  Marine  
  32  3:55  Marine  
  35  3:58  Barracks  
  35  4:07  Marauder  
  35  4:09  SCV  
  38  4:12  Marine  
  38  4:13  Marine, Liberator  
  38  4:15  Engineering Bay  
  40  4:19  Supply Depot  
  40  4:21  SCV  
  44  4:33  SCV  
  44  4:38  Marine x2  
  47  4:40  Factory Tech Lab  
  47  4:56  SCV  
  47  4:58  Marauder, Marine x2  
  52  5:00  Barracks Tech Lab  
  52  5:02  Cyclone  
  55  5:08  SCV  
  55  5:12  SCV  
  57  5:16  Marine x2  
  57  5:19  Marine  
  57  5:20  SCV  
  61  5:24  SCV  
  62  5:40  Supply Depot  
  62  5:42  Supply Depot  
  62  5:43  Terran Infantry Weapons Level 1  
  62  5:44  Terran Vehicle Weapons Level 1  
  62  5:58  Marine  
  62  6:01  Marine  
  62  6:02  SCV x2  
  65  6:14  SCV  
  66  6:22  Planetary Fortress  
  66  6:27  SCV  
  67  6:36  Supply Depot  
  67  6:40  Refinery  
  67  6:42  Refinery  
  61  7:09  Starport  
  61  7:11  Factory  
  61  7:14  Cyclone  
  64  7:15  Marine x2  
  64  7:17  Marauder  
  68  7:23  Supply Depot  
  68  7:24  Supply Depot  
  68  7:29  SCV x2  
  70  7:31  Liberator  
  70  7:33  Marine x2  
  72  7:41  SCV x2  
  74  7:46  Hellion  
  74  7:51  Marine x2  
  79  7:53  SCV, Starport Reactor  
  79  7:58  Factory Reactor  
  82  8:00  Factory Tech Lab  
Tags
 
Add a new tag
Caveats
  • Supply blocks, unpowered buildings, or Contaminate may cause inaccurate times.
  • Supply counts are checked every 10 seconds.